 Dungeon Crawl Stone Soup version 0.28.0 (webtiles) character file.

Game seed: 11900842945893270694

3185 zazu2006 the Magician (level 9, -3/74 HPs)
             Began as a Naga Hedge Wizard on Feb 15, 2022.
             Was an Initiate of Vehumet.
             Slain by Harold (9 damage)
             ... on level 8 of the Dungeon.
             The game lasted 00:22:19 (9812 turns).

zazu2006 the Magician (Naga Hedge Wizard)           Turns: 9812, Time: 00:22:21

Health: -3/74      AC:  4    Str: 15    XL:     9   Next: 95%
Magic:  1/20       EV: 18    Int: 17    God:    Vehumet [......]
Gold:   310        SH:  0    Dex: 10    Spells: 14/23 levels left

rFire   . . .      SeeInvis +   k - +4 short sword
rCold   . . .      Faith    .   (no shield)
rNeg    . . .      Spirit   .   q - +0 leather armour
rPois   +          Reflect  .   c - +0 hat
rElec   .          Harm     .   (no cloak)
rCorr   .          Rampage  .   (no gloves)
Will    +....                   (no barding)
Stlth   +++.......              (no amulet)
HPRegen 0.22/turn               f - +4 ring of evasion
MPRegen 0.17/turn               j - +4 ring of evasion

@: very slightly contaminated, very slow
A: AC +3, large, see invisible, deformed body, poison resistance, slowness 2,
spit poison 1, naga tail 1
a: Spit Poison, Renounce Religion


You were on level 8 of the Dungeon.
You worshipped Vehumet.
Vehumet was noncommittal.
You visited 2 branches of the dungeon, and saw 9 of its levels.

You collected 310 gold pieces.

Inventory:

Hand Weapons
 k - a +4 short sword (weapon)
 u - a +0 falchion
Armour
 c - a +0 hat (worn)
 q - a +0 leather armour (worn)
Jewellery
 f - a +4 ring of evasion (left hand)
 j - a +4 ring of evasion (right hand)
Wands
 a - a wand of charming (19)
Scrolls
 b - a scroll of amnesia
 d - a scroll of enchant weapon
 g - a scroll of fog {unknown}
 h - 2 scrolls of immolation {unknown}
 n - a scroll of fear {unknown}
 p - a scroll of summoning {unknown}
 s - 2 scrolls of torment {unknown}
 t - a scroll of noise {unknown}
 v - a scroll of teleportation
Potions
 e - a potion of mutation {unknown}
 i - a potion of attraction
 m - a potion of haste
 w - a potion of brilliance {unknown}
 x - a potion of resistance {unknown}
 z - a potion of might {unknown}


   Skills:
 + Level 2.6 Fighting
 + Level 3.0 Armour
 + Level 3.8 Dodging
 + Level 6.2 Stealth
 + Level 7.6 Spellcasting
 + Level 6.0 Conjurations
 + Level 1.0 Summonings
 + Level 2.4 Translocations
 + Level 0.1 Fire Magic
 + Level 1.3 Air Magic
 + Level 6.5 Poison Magic


You had 14 spell levels left.
You knew the following spells:

 Your Spells              Type           Power      Damage    Failure   Level
a - Magic Dart            Conj           100%       1d8       1%          1
b - Mephitic Cloud        Conj/Pois/Air  22%        N/A       6%          3
c - Conjure Flame         Conj/Fire      16%        6-21      12%         3
d - Blink                 Tloc           28%        N/A       8%          2

Your spell library contained the following spells:

 Spells                   Type           Power      Damage    Failure   Level
 Summon Small Mammal      Summ           36%        N/A       9%          1
 Slow                     Hex            24%        N/A       14%         1
 Call Imp                 Summ           9%         N/A       14%         2
 Call Canine Familiar     Summ           9%         N/A       26%         3
 Summon Guardian Golem    Hex/Summ       8%         N/A       32%         3


Dungeon Overview and Level Annotations

Branches:
Dungeon (8/15)             Temple (1/1) D:7
   Lair: D:8-11

Altars:
Ashenzari
Dithmenos
Fedhas
Gozag
Hepliaklqana
Kikubaaqudgha
Makhleb
Nemelex Xobeh
Okawaru
Qazlal
Ru
Sif Muna
Trog
Uskayaw
Vehumet
Wu Jian
Xom
Yredelemnul
The Shining One

Shops:
D:3 [

Annotations:
D:3 3 runed translucent doors, Sanktem7's ghost, amateur MiFi
D:8 Harold


Innate Abilities, Weirdness & Mutations

Your serpentine skin is tough. (AC +3)
You have supernaturally acute eyesight. (SInv)
Armour fits poorly on your strangely shaped body.
Your system is resistant to poisons. (rPois)
You cover ground very slowly.
You can spit poison.
You have a snake-like lower body.


Message History

Harold gestures at you while chanting. The mark upon you grows brighter.
Unknown command.
Unknown command.
You hit Harold but do no damage.
Harold is severely wounded.
Harold hits you with a +2 vampiric short sword!
* * * LOW HITPOINT WARNING * * *
Harold draws strength from your wounds!
Unknown command.
Unknown command.
You hit Harold but do no damage.
Harold is severely wounded.
Harold completely misses you.
Unknown command.
Unknown command.
It was a potion of attraction.
You feel attractive to monsters.
Harold hits you with a +2 vampiric short sword.
* * * LOW HITPOINT WARNING * * *
Harold draws strength from your wounds!
You feel yourself speed up.
You have got your breath back.
Harold hits you but does no damage.
It was a potion of cancellation.
Your magical effects are unravelling.
You feel magically purged.
You feel less wooden.
Your +0 hat unmelds from your body.
Your +0 leather armour unmelds from your body.
You feel yourself slow down.
The sentinel's mark upon you fades away.
Harold misses you.
You feel less attractive to monsters.
Casting: Magic Dart (safe; 1% risk of failure)
Confirm with . or Enter, or press ? or * to list all spells.
You miscast Blink.
You are very lightly contaminated with residual magic.
Nothing appears to happen.
Harold hits you with a +2 vampiric short sword!
You die...

#### #### #.# #..
..# #.# #.# #.#
#.#
##.#####.####.#
#..††.......#.#
#@@#####.##.#.####
#....(>..##.......
#.#########.....##
#<# ##...### ...
##.## # ##.# #.# #
#.# #.# # #.# #+#
# #


You could see Harold (very poisoned).

Vanquished Creatures
  A two-headed ogre (D:6)
  Edmund (D:5)
  A water moccasin (D:7)
  2 sky beasts
  3 ice beasts
  3 ogres
  A centaur (D:5)
  A phantom (D:5)
  A kobold brigand (D:8)
  2 scorpions (D:6)
  2 bullfrogs
  7 killer bees
  4 wights
  2 howler monkeys (D:7)
  2 centaur skeletons
  2 bullfrog zombies
  2 hounds
  An orc priest (D:4)
  A jelly (D:7)
  3 orc wizards
  2 howler monkey zombies
  3 gnolls (D:3)
  8 adders
  2 white imps (D:8)
  An adder skeleton (D:4)
  A dart slug (D:2)
  24 orcs
  10 ball pythons
  5 bats
  8 endoplasms
  13 giant cockroaches
  6 goblins
  9 hobgoblins
  5 jackals
  2 quokkas (D:3)
  4 frilled lizards
  20 kobolds
  A quokka skeleton (D:4)
  8 rats
174 creatures vanquished.

Vanquished Creatures (collateral kills)
  A killer bee (D:7)
  A bullfrog skeleton (D:5)
2 creatures vanquished.

Vanquished Creatures (others)
  A wizard (D:5)
  2 killer bees (D:8)
3 creatures vanquished.

Grand Total: 179 creatures vanquished

Notes
Turn   | Place    | Note
-------+----------+-------------------------------------------
     0 | D:1      | zazu2006 the Naga Hedge Wizard began the quest for the Orb.
     0 | D:1      | Reached XP level 1. HP: 15/15 MP: 4/4
   319 | D:1      | Reached XP level 2. HP: 22/22 MP: 4/6
  1063 | D:1      | Found a faded altar of an unknown god.
  1157 | D:1      | Reached XP level 3. HP: 28/28 MP: 6/8
  1161 | D:1      | Learned a level 3 spell: Mephitic Cloud
  1165 | D:1      | Learned a level 3 spell: Conjure Flame
  1168 | D:1      | Learned a level 2 spell: Blink
  1647 | D:2      | Reached skill level 4 in Spellcasting
  1855 | D:2      | Reached XP level 4. HP: 36/36 MP: 5/10
  3119 | D:3      | Reached XP level 5. HP: 43/43 MP: 9/11
  3135 | D:3      | Found an iron altar of Okawaru.
  3249 | D:3      | Found an opulent altar of Gozag.
  3253 | D:3      | Found a runed translucent gate.
  3254 | D:3      | Noticed Sanktem7's ghost (amateur MiFi)
  3255 | D:3      | Found a runed translucent gate.
  3256 | D:3      | Noticed a kobold brigand
  3257 | D:3      | Found a runed translucent gate.
  3313 | D:3      | Found a shadowy altar of Dithmenos.
  3339 | D:3      | Found Ysasin's Antique Armour Boutique.
  4412 | D:4      | Noticed an ogre
  4420 | D:4      | Killed an ogre
  4421 | D:4      | Reached XP level 6. HP: 35/50 MP: 8/13
  4620 | D:4      | Found a shimmering altar of Xom.
  4834 | D:4      | Reached skill level 5 in Spellcasting
  4954 | D:4      | Found a glowing golden altar of the Shining One.
  5232 | D:5      | Entered Level 5 of the Dungeon
  5263 | D:5      | Reached skill level 1 in Poison Magic
  5466 | D:5      | Noticed Edmund
  5490 | D:5      | Killed Edmund
  5491 | D:5      | Reached skill level 1 in Fighting
  5491 | D:5      | Reached XP level 7. HP: 44/57 MP: 7/14
  6179 | D:5      | Reached skill level 1 in Armour
  6376 | D:5      | Found a bloodstained altar of Trog.
  6378 | D:5      | Noticed a wizard
  6381 | D:5      | Killed a wizard
  6606 | D:5      | Reached XP level 8. HP: 51/67 MP: 3/16
  6761 | D:6      | Reached skill level 5 in Stealth
  6768 | D:6      | Reached skill level 6 in Spellcasting
  6848 | D:6      | Noticed a two-headed ogre
  6972 | D:6      | Killed a two-headed ogre
  6973 | D:6      | Reached skill level 5 in Conjurations
  6973 | D:6      | Reached skill level 1 in Air Magic
  6973 | D:6      | Reached skill level 5 in Poison Magic
  6973 | D:6      | Reached XP level 9. HP: 59/73 MP: 2/19
  7197 | D:6      | Found a hazy altar of Hepliaklqana.
  7201 | D:6      | Found a hide-covered altar of Uskayaw.
  7560 | D:6      | Found a sparkling altar of Nemelex Xobeh.
  7621 | D:6      | Found a sacrificial altar of Ru.
  7847 | D:7      | Found a staircase to the Ecumenical Temple.
  7852 | Temple   | Entered the Ecumenical Temple
  7893 | Temple   | Became a worshipper of Vehumet
  8554 | D:7      | Found Burypyro's Elemental Accessories.
  8762 | D:7      | Reached skill level 7 in Spellcasting
  9742 | D:8      | Noticed Harold
  9786 | D:8      | Paralysed by Harold for 3 turns
  9812 | D:8      | Slain by Harold

Illustrated notes

Levels and vault maps discovered:
D:1:      dpeg_arrival_rooms_a, layout_loops_cross,
          chequers_ecumenical_altar_lobes
D:2:      minmay_roachtagon, layout_basic
D:3:      layout_loops_ring, okawaru_altar_gauntlet_db,
          overflow_temple_1_default, nicolae_dithmenos_shadow_blocks,
          gammafunk_ghost_nasty_kobolds, serial_shops, nicolae_shop_hallway_plus
D:4:      layout_basic, mainiacjoe_overflow_alcove_2,
          mainiacjoe_overflow_24_doors
D:5:      wander_river, layout_basic, trog_wizard, minmay_bent, uniq_edmund
D:6:      layout_rooms, minitemple, nicolae_ru_path_of_blood,
          kennysheep_little_box
D:7:      layout_basic, minmay_temple_entry_ruins, minmay_strange_pillars,
          nicolae_elemental_shop, chequers_serial_rivers_small_b
D:8:      layout_loops_corners, uniq_harold
Temple:   kb_temple_of_zot

Skill      XL: |  1  2  3  4  5  6  7  8  9 |
---------------+----------------------------+-----
Spellcasting   | 4 5 6 7 |  7.6
Conjurations   | 2 3 4 5 6 |  6.0
Dodging        | 2 3 |  3.8
Stealth        | 4 5 6 |  6.2
Poison Magic   | 1 3 5 6 |  6.5
Fighting       | 1 2 |  2.6
Armour         | 1 2 3 |  3.0
Translocations | 2 |  2.4
Air Magic      | 1 |  1.3
Summonings     | |  1.0
Fire Magic     | |  0.1

Action                   |  1- 3 |  4- 6 |  7- 9 || total
-------------------------+-------+-------+-------++-------
Melee: Dagger            |    35 |       |       ||    35
       Short sword       |       |    80 |   286 ||   366
       Punch             |       |       |     7 ||     7
 Cast: Magic Dart        |    93 |   144 |   121 ||   358
       Mephitic Cloud    |       |     2 |    17 ||    19
       Blink             |       |       |     5 ||     5
       Conjure Flame     |       |       |     2 ||     2
 Abil: Spit Poison       |    17 |    11 |    28 ||    56
Evoke: Wand              |       |       |     1 ||     1
  Use: Scroll            |       |       |     6 ||     6
       Potion            |       |       |     5 ||     5
 Stab: Sleeping          |     1 |       |       ||     1
       Confused          |       |       |     7 ||     7
Armor: Robe              |    22 |     5 |       ||    27
       Leather armour    |       |       |    22 ||    22
       Skin              |       |       |     3 ||     3
Dodge: Dodged            |    51 |    79 |   247 ||   377
